 Dungeon Crawl Stone Soup version 0.29-a0-82-g837932c90e (webtiles) character file.

Game seed: 16660443950720596980

56 HallandMoats the Skirmisher (level 3, -2/29 HPs)
             Began as a Demonspawn Fighter on Feb 5, 2022.
             Was a Follower of Qazlal.
             Slain by Natasha (8 damage)
             ... on level 2 of the Dungeon.
             The game lasted 00:02:04 (1337 turns).

HallandMoats the Skirmisher (Demonspawn Fighter)    Turns: 1337, Time: 00:02:05

Health: -2/29      AC:  6    Str: 18    XL:     3   Next: 69%
Magic:  4/4        EV:  9    Int:  9    God:    Qazlal [*.....]
Gold:   12         SH:  6    Dex: 12    Spells: 2/2 levels left

rFire   . . .      SeeInvis .   b - +1 short sword (elec)
rCold   . . .      Faith    .   c - +0 buckler
rNeg    . . .      Spirit   .   e - +0 scale mail
rPois   .          Reflect  .   (no helmet)
rElec   .          Harm     .   (no cloak)
rCorr   .          Rampage  .   (no gloves)
Will    .....                   (no boots)
Stlth   ..........              (no amulet)
HPRegen 0.09/turn               (no ring)
MPRegen 0.18/turn               (no ring)

@: slowed, very slow
A: magic regeneration
a: Renounce Religion


You were on level 2 of the Dungeon.
You worshipped Qazlal.
Qazlal was aware of your devotion.
You visited 1 branch of the dungeon, and saw 2 of its levels.

You collected 12 gold pieces.

Inventory:

Hand Weapons
 a - a +0 war axe
 b - a +1 short sword of electrocution (weapon)
 g - a +0 whip of electrocution
Armour
 c - a +0 buckler (worn)
 e - a +0 scale mail (worn)
Scrolls
 f - a scroll of fog {unknown}
 h - a scroll of teleportation {unknown}
Potions
 d - a potion of might
 i - a potion of mutation {unknown}
 j - a potion of curing


   Skills:
 * Level 3.4 Fighting
 * Level 2.2 Axes
 + Level 2.9 Armour
 + Level 0.8 Dodging
 + Level 2.9 Shields
 * Level 1.9 Invocations


You had 2 spell levels left.
You didn't know any spells.
Your spell library was empty.

Dungeon Overview and Level Annotations

Branches:
Dungeon (2/15)

Altars:
Qazlal

Annotations:
D:2 Natasha


Innate Abilities, Weirdness & Mutations

You regenerate magic rapidly.


Message History

You feel yourself slow down. The shadow imp misses you.
Natasha claws you but does no damage.
You hit Natasha.
Natasha is heavily wounded.
The shadow imp gestures at you.
You barely resist. Natasha barely misses you. The shadow imp barely misses you.
You miss Natasha.
Natasha is heavily wounded.
You block Natasha's attack.
The shadow imp is engulfed in freezing vapours.
The shadow imp hits you but does no damage.
Natasha claws you.
You are too injured to fight recklessly!
You are too injured to fight recklessly!
You are too injured to fight recklessly!
You are too injured to fight recklessly!
You are too injured to fight recklessly!
You are too injured to fight recklessly!
You are too injured to fight recklessly!
You are too injured to fight recklessly!
You are too injured to fight recklessly!
You are too injured to fight recklessly!
You are too injured to fight recklessly!
You are too injured to fight recklessly!
You are too injured to fight recklessly!
You are too injured to fight recklessly!
You are too injured to fight recklessly!
You are too injured to fight recklessly!
You are too injured to fight recklessly!
Unknown command.
You hit Natasha.
Natasha is almost dead.
The shadow imp is engulfed in freezing vapours.
The shadow imp sputters.
You block the shadow imp's attack. Natasha claws you.
The shadow imp is engulfed in freezing vapours.
The shadow imp hits you.
* * * LOW HITPOINT WARNING * * *
Natasha claws you!
You die...

# ##......# #.....# #
##.......###.##..#
####................##
...'........)........#
####.........##.#...##
# ##.......###.#..#.#
# ##......# #...#.# #
##...#.# ##h5.# .
##+##.# #@.# .#
#.####..# .#
#.##.......# ##
........#.##
...###†##.# #. #.# #.
#.# #. #.# .. ..#


You could see Natasha and a shadow imp (summoned).

Vanquished Creatures
  Natasha (D:2)
  A worm (D:2)
  3 bats (D:1)
  2 endoplasms (D:1)
  A goblin (D:1)
  A hobgoblin (D:1)
  2 jackals (D:1)
  6 kobolds (D:1)
  4 quokkas (D:1)
  A ball python (D:1)
  3 frilled lizards (D:1)
  A rat (D:1)
26 creatures vanquished.

Vanquished Creatures (others)
  4 plants (D:1)
4 creatures vanquished.

Grand Total: 30 creatures vanquished

Notes
Turn   | Place    | Note
-------+----------+-------------------------------------------
     0 | D:1      | HallandMoats the Demonspawn Fighter began the quest for the
                  | Orb.
     0 | D:1      | Reached XP level 1. HP: 18/18 MP: 1/1
   149 | D:1      | Reached skill level 1 in Invocations
   149 | D:1      | Gained mutation: You regenerate magic rapidly. [demonic
                  | ancestry]
   149 | D:1      | Reached XP level 2. HP: 11/24 MP: 2/2
  1068 | D:1      | Found a faded altar of an unknown god.
  1081 | D:1      | Prayed at the altar of an unknown god.
  1081 | D:1      | Became a worshipper of Qazlal Stormbringer
  1081 | D:1      | Reached * piety under Qazlal
  1189 | D:2      | Reached XP level 3. HP: 25/29 MP: 4/4
  1263 | D:2      | Noticed Natasha
  1268 | D:2      | Killed Natasha
  1325 | D:2      | Noticed Natasha
  1337 | D:2      | Slain by Natasha

Illustrated notes

Levels and vault maps discovered:
D:1:      tarquinn_simple_flora_water_c, layout_basic, basic_ecumenical_altar
D:2:      layout_loops_corners, hangedman_feature_mirror, minmay_misc_feat_x,
          uniq_natasha

Skill      XL: |  1  2 |
---------------+-------+-----
Invocations    | 1 |  1.9
Axes           | 2 |  2.2
Fighting       | |  3.4
Armour         | |  2.9
Dodging        | |  0.8
Shields        | |  2.9

Action                   || total
-------------------------++-------
Melee: War axe           ||    20
       Short sword       ||    69
Armor: Scale mail        ||    36
Dodge: Dodged            ||    40
Block: Buckler           ||    14

Table legend: (Time is in decaauts)
 A = Elapsed time spent in this place.
 B = Non-inter-level travel time spent in this place.
 C = Inter-level travel time spent in this place.
 D = Time resting spent in this place.
 E = Time spent auto-exploring this place.
 F = Levels seen in this place.
 G = Mean time per level.
                   A        B        C        D        E       F      G
               +--------+--------+--------+--------+--------+-----+--------+
         Total |   1360 |   1326 |     34 |    250 |    866 |   2 |  680.0 |
       Dungeon |   1360 |   1326 |     34 |    250 |    866 |   2 |  680.0 |
               +--------+--------+--------+--------+--------+-----+--------+

Top non-repeatable levels by time:
     D:1: 1198 daAuts
     D:2: 162 daAuts
